 Dungeon Crawl Stone Soup version 0.30-a0-1164-ge08a67761e (webtiles) character file.

Game seed: 6116144876086554193

301 vereth the Trooper (level 6, -2/49 HPs)
             Began as a Mummy Chaos Knight on Apr 29, 2023.
             Was a Plaything of Xom.
             Slain by an iguana (7 damage)
             ... on level 6 of the Dungeon.
             The game lasted 00:10:42 (1376 turns).

vereth the Trooper (Mummy Chaos Knight)             Turns: 1376, Time: 00:10:45

Health: -2/49      AC: 15    Str: 17    XL:     6   Next: 14%
Magic:  8/8        EV:  5    Int: 11    God:    Xom [....*.]
Gold:   38         SH:  5    Dex: 12    Spells: 6/7 levels left

rFire   x . .        a - +1 spear (chaos)
rCold   + . .        (no shield)
rNeg    + + +        h - +0 plate armour {Will+}
rPois   ∞            e - +2 helmet
rElec   .            (no cloak)
rCorr   .            (no gloves)
SInv    .            f - +0 pair of boots
Will    +....        j - amulet of reflection Stlth
                     (no ring)
HPRegen 0.28/turn    (no ring)
MPRegen 0.11/turn

%: reflection, faith
@: cleaving
A: cold resistance 1, negative energy resistance 3, torment resistance 2, heat
vulnerability 1, in touch with death 1, no potions, faith
a: Renounce Religion


You were on level 6 of the Dungeon.
You worshipped Xom.
You were a beloved toy of Xom.
You visited 1 branch of the dungeon, and saw 6 of its levels.

You collected 38 gold pieces.

Inventory:

Hand Weapons
 a - a +1 spear of chaos (weapon)
 g - a +0 short sword
Armour
 b - a +2 leather armour
 e - a +2 helmet (worn)
 f - a +0 pair of boots (worn)
 h - a +0 plate armour of willpower (worn)
Jewellery
 j - an amulet of reflection (around neck)
Scrolls
 i - a scroll of identify
Potions
 d - 4 potions of might
Miscellaneous
 c - a piece from Xom's chessboard (15/15) (quivered)


   Skills:
 + Level 4.4 Fighting
 + Level 4.0 Polearms
 + Level 2.9 Armour
 + Level 1.0 Dodging
 + Level 0.3 Stealth
 + Level 1.4 Spellcasting


You had 6 spell levels left.
You knew the following spells:

 Your Spells              Type           Power      Damage    Failure   Level
a - Magic Dart            Conj           0%         1d3       100%        1

Your spell library contained the following spells:

 Spells                   Type           Power      Damage    Failure   Level
 Searing Ray              Conj           0%         2d4       100%        2
 Fulminant Prism          Conj/Hex       0%         3d5       100%        4


Dungeon Overview and Level Annotations

Branches:
Dungeon (6/15)             Temple (0/1) D:6

Altars:
Cheibriados
Makhleb
Ru
Xom


Innate Abilities, Weirdness & Mutations

You are immune to poison.
Your flesh is cold resistant. (rC+)
You are immune to negative energy. (rN+++)
You are immune to unholy pain and torment.
You are vulnerable to heat. (rF-)
You are in touch with the powers of death.
You do not drink.
You have a special connection with the divine. (Faith)


Message History

The iguana closely misses you. Something hits you but does no damage.
You barely miss something. You miss the iguana. You closely miss something.
You completely miss the orc priest. You barely miss the iguana.
You hear some strange, mumbled words.
A puff of flame appears from out of thin air!
The puff of flame hits you!! The fire burns you terribly!
A shower of butterflies erupts from you!
The iguana bites you but does no damage.
The orc priest hits you but does no damage.
You miss something.
You hit the orc priest but do no damage.
You closely miss the iguana.
The orc priest hits you with a +0 short sword!
The iguana barely misses you. Something hits you.
* * * LOW HITPOINT WARNING * * *
The orc priest hits you but does no damage.
You closely miss something. You hit the orc priest. You burn the orc priest.
You hit the iguana but do no damage. Xom alters the dungeon around you.
The iguana bites you.
* * * LOW HITPOINT WARNING * * *
Something hits you but does no damage.
The orc priest hits you but does no damage.
Press: ? - help, v - describe, . - travel The floor, spattered with blood.
You completely miss something. You hit the iguana but do no damage.
You hit the orc priest but do no damage.
The orc priest hits you but does no damage.
The iguana bites you.
* * * LOW HITPOINT WARNING * * *
You block something's attack.
You completely miss something.
You hit the orc priest but do no damage.
You miss the iguana.
The orc priest hits you with a +0 short sword.
* * * LOW HITPOINT WARNING * * *
The iguana bites you!
You die...
Xom bursts into laughter!

#.# *,* *,,,,,, ,, , ,*
#.# #.# *.#* *,*,***,,*
#<# ###.# *.# *,,,* ,* #.#
#....,,.# *,*** * , * #.#
#.#.#**.# *,* *,,*, #.#
#.#.# *.# *,* *,,,, #.#
#_#.##*.# *, ,,,,
#.####.__o##.####:#*** ,,
*
#....._bb{@b_b.__..,,,,,,,
#######..l#######..,
,,,,,, ##### * * ****,,, *
,,,,,, * ** *


You could see an iguana (agile, resistant) and an orc priest (berserk,
poisoned).

Vanquished Creatures
  An ice beast (D:5)
  2 jellies (D:5)
  A hound (D:5)
  An iguana (D:5)
  An orc wizard (D:6)
  5 adders
  An orc (D:6)
  3 ball pythons (D:1)
  3 bats
  2 endoplasms (D:1)
  2 giant cockroaches (D:1)
  4 hobgoblins (D:1)
  2 jackals (D:2)
  2 quokkas (D:1)
  2 frilled lizards
  A goblin (D:1)
  2 kobolds
35 creatures vanquished.

Vanquished Creatures (others)
  A black bear (D:5)
1 creature vanquished.

Grand Total: 36 creatures vanquished

Notes
Turn   | Place    | Note
-------+----------+-------------------------------------------
     0 | D:1      | vereth the Mummy Chaos Knight began the quest for the Orb.
     0 | D:1      | Reached XP level 1. HP: 18/18 MP: 1/1
   227 | D:1      | Reached XP level 2. HP: 24/24 MP: 2/2
   245 | D:1      | XOM: divination: detect items
   515 | D:2      | Learned a level 1 spell: Magic Dart
   544 | D:2      | Gained mutation: You are in touch with the powers of death.
                  | [Mummy growth]
   544 | D:2      | Reached XP level 3. HP: 26/29 MP: 0/3
   729 | D:5      | Entered Level 5 of the Dungeon
   729 | D:5      | Noticed an ice beast
   745 | D:5      | XOM: blink monster(s)
   748 | D:5      | XOM: god gift: potion of might
   751 | D:5      | Killed an ice beast
   752 | D:5      | Reached skill level 1 in Spellcasting
   752 | D:5      | Reached XP level 4. HP: 27/37 MP: 3/5
   752 | D:5      | Reached XP level 5. HP: 31/42 MP: 3/6
   753 | D:5      | Noticed a black bear
   761 | D:5      | XOM: summons friendly crimson imp
   763 | D:5      | Killed a black bear
   763 | D:5      | XOM: divine lightning
   917 | D:5      | Reached skill level 1 in Dodging
  1075 | D:5      | Reached XP level 6. HP: 10/48 MP: 8/8
  1097 | D:5      | XOM: 10-stop teleportation journey
  1223 | D:5      | Found a sacrificial altar of Ru.
  1228 | D:5      | Found a snail-covered altar of Cheibriados.
  1228 | D:5      | Found a burning altar of Makhleb.
  1355 | D:6      | XOM: divination: magic mapping
  1358 | D:6      | XOM: cleaving
  1372 | D:6      | XOM: butterfly on damage
  1374 | D:6      | XOM: scenery: create altars
  1376 | D:6      | Slain by an iguana

Illustrated notes

Levels and vault maps discovered:
D:1:      dpeg_arrival_ternary, layout_loops_ring, st_stairs_13, minmay_ruptured
D:2:      layout_rooms
D:3:      layout_basic, minivault_26
D:4:      layout_cave_pools, nicolae_sif_muna_condensation, serial_shops,
          nicolae_shop_tiny_waterfront, shop, minmay_lizard_king
D:5:      layout_rooms, minitemple
D:6:      layout_loops_ring, minmay_temple_entry_glassed_door,
          hangedman_abyss_or_decor_stagger

Skill      XL: |  1  2  3  4  5 |
---------------+----------------+-----
Armour         | 2 |  2.9
Polearms       | 3 4 |  4.0
Fighting       | 4 |  4.4
Spellcasting   | 1 |  1.4
Dodging        | 1 |  1.0
Stealth        | |  0.3

Action                     |  1- 3 |  4- 6 || total
---------------------------+-------+-------++-------
  Melee: Spear             |   105 |    69 ||   174
         Punch             |       |     1 ||     1
    Use: Scroll            |     4 |     1 ||     5
 Armour: Plate armour      |   125 |    53 ||   178
         Leather armour    |     3 |       ||     3
  Dodge: Dodged            |    34 |    19 ||    53
  Block: Other             |       |     9 ||     9

Table legend: (Time is in decaauts)
 A = Elapsed time spent in this place.
 B = Non-inter-level travel time spent in this place.
 C = Inter-level travel time spent in this place.
 D = Time resting spent in this place.
 E = Time spent auto-exploring this place.
 F = Levels seen in this place.
 G = Mean time per level.
                   A        B        C        D        E       F      G
               +--------+--------+--------+--------+--------+-----+--------+
         Total |   1364 |   1333 |     31 |    166 |      3 |   6 |  227.3 |
       Dungeon |   1364 |   1333 |     31 |    166 |      3 |   6 |  227.3 |
               +--------+--------+--------+--------+--------+-----+--------+

Top non-repeatable levels by time:
     D:5: 594 daAuts
     D:1: 501 daAuts
     D:2: 116 daAuts
     D:3: 92 daAuts
     D:6: 44 daAuts
     D:4: 14 daAuts
